 Dungeon Sprint DCSS version 0.28.0-43-g3370ac3207 (webtiles) character file.

Game seed: 219270255591420322

8170 boopmooplesden the Severer (level 11, -24/121 HPs)
             Began as a Minotaur Berserker on Mar 12, 2022.
             Was a High Priest of Trog.
             Killed from afar by a hell hog (30 damage)
             ... with a fireball
             ... in the Dungeon (Sprint II: "The Violet Keep of Menkaure").
             The game lasted 00:05:50 (2397 turns).

boopmooplesden the Severer (Minotaur Berserker)     Turns: 2397, Time: 00:05:50

Health: -24/121    AC: 18    Str: 30    XL:     11   Next: 6%
Magic:  10/10      EV: 12    Int:  6    God:    Trog [*****.]
Gold:   648        SH:  0    Dex: 10    Spells: 10/10 levels left

rFire   . . .      SeeInvis .   m - +1 battleaxe (vamp)
rCold   + . .      Faith    .   (shield currently unavailable)
rNeg    . . .      Spirit   .   i - +5 chain mail {rC+}
rPois   +          Reflect  .   (helmet restricted)
rElec   .          Harm     .   (no cloak)
rCorr   .          Rampage  .   (no gloves)
Will    .....      NoTele   +   (no boots)
Stlth   ..........              (no amulet)
HPRegen 0.30/turn               k - ring of Biggirit {rPois Str+6 Stlth+}
MPRegen 0.12/turn               (no ring)

@: on berserk cooldown, slowed, unable to read, very slow
A: horns 2, retaliatory headbutt, inability to read while threatened
a: Renounce Religion, Berserk, Trog's Hand, Brothers in Arms


You were in the Dungeon.
You worshipped Trog.
Trog was extremely pleased with you.
You visited 1 branch You collected 1427 gold pieces.
You spent 779 gold pieces at shops.

Inventory:

Hand Weapons
 a - a +0 hand axe
 j - a +3 hand axe of electrocution
 l - a +3 vorpal battleaxe
 m - a +1 vampiric battleaxe (weapon)
Armour
 b - a +0 animal skin
 i - a +5 chain mail of cold resistance (worn)
 s - a +0 cloak
 z - a +0 kite shield
Jewellery
 k - the ring of Biggirit (left hand) {rPois Str+6 Stlth+}
   (You bought it in a shop in the Dungeon)

   [ring of poison resistance]

   Str:       It affects your strength (+6).
   rPois:     It protects you from poison.
   Stlth:     It makes you more stealthy.
 x - an amulet of the acrobat
Scrolls
 h - 2 scrolls of blinking
Potions
 c - a potion of curing
 d - a potion of heal wounds
 e - 3 potions of haste
 f - 5 potions of magic
 g - a potion of berserk rage
 o - 7 potions of flight
 r - 4 potions of mutation
 t - 2 potions of brilliance
 u - 3 potions of resistance
 v - a potion of attraction {unknown}
 w - a potion of invisibility {unknown}
 A - a potion of might {unknown}
 C - a potion of degeneration {unknown}


   Skills:
 + Level 18.3 Fighting
 + Level 19.3 Axes
 + Level 15.4 Armour
 + Level 9.3 Dodging
 + Level 2.1 Stealth


You had 10 spell levels left.
You didn't know any spells.
Your spell library was empty.

Dungeon Overview and Level Annotations

Branches:
Dungeon (1/1)

Altars:
Cheibriados
Dithmenos
Elyvilon
Fedhas
Gozag
Hepliaklqana
Kikubaaqudgha
Makhleb
Nemelex Xobeh
Okawaru
Qazlal
Ru
Sif Muna
Trog
Uskayaw
Vehumet
Wu Jian
Xom
Yredelemnul
Zin
The Shining One
Beogh
Jiyva
Lugonu

Shops:
D :!([:?*([!=??=(

Annotations:
D exclusions: obsidian statue and oklob plant, Roxanne


Innate Abilities, Weirdness & Mutations

You have a pair of horns on your head.
You reflexively headbutt those who attack you in melee.
You sometimes lose the ability to read scrolls when taking damage.


Message History

There is an open door here.
You barely miss the hell hog. You headbutt the hell hog!
The hell hog is heavily wounded.
You completely miss the hell hog. The hell hog breathes fire at you.
The fireball explodes!
The fireball engulfs you.
The fireball engulfs the hell hog.
The hell hog completely resists.
The fireball engulfs the hell hog.
The hell hog completely resists.
The hell hog barely misses you. x2
You slice the hell hog!!
The hell hog is severely wounded.
You hit the hell hog. The hell hog bites you!
You feel threatened and lose the ability to read scrolls!
The hell hog closely misses you.
The hell hog bites you but does no damage. x2
You completely miss the hell hog. Your headbutt misses the hell hog.
The hell hog is severely wounded.
You slash the hell hog!
The hell hog bites you but does no damage.
The hell hog bites you!
You barely miss the hell hog.
The hell hog is severely wounded.
You hit the hell hog. The hell hog barely misses you.
The hell hog bites you but does no damage.
The hell hog breathes fire at you.
The fireball explodes!
The fireball engulfs you!!
The fireball engulfs the hell hog.
The hell hog completely resists.
The fireball engulfs the hell hog.
The hell hog completely resists.
The hell hog breathes fire at you.
The fireball explodes!
The fireball engulfs you!!!
* * * LOW HITPOINT WARNING * * *
The fireball engulfs the hell hog.
The hell hog completely resists.
The fireball engulfs the hell hog.
The hell hog completely resists.
You barely miss the hell hog. You headbutt the hell hog!
The hell hog is almost dead.
You slash the hell hog! The hell hog bites you!
* * * LOW HITPOINT WARNING * * *
The hell hog breathes fire at you.
The fireball explodes!
The fireball engulfs you!!
You die...

* ###########***********
*
#..Gllh@..#∩∩,∩∩+,+,,***
#$.GGlh#(.####***,****,,
#+######'##..####○####,,
*∩∩∩∩∩∩#..†.##.○°....##⌠
*∩∩∩∩∩∩#.(###°°°○○.°..##
*****####..+...°°8.....#
*,,,*#...####..°)..°..#*
*,,,,#....5§##°....°.#*,
############3≈#'''#°°+##*


You could see 2 hell hogs, 3 shining eyes and 3 wyverns.

Vanquished Creatures
  A kraken (D)
  Kirke (D)
  A yaktaur captain (D)
  An ice dragon (D)
  A skeletal warrior (D)
  2 deep trolls (D)
  An elephant (D)
  A yaktaur (D)
  3 polar bears (D)
  A hornet (D)
  2 wyverns (D)
  4 neqoxecs (D)
  Menkaure (D)
  5 water moccasins (D)
  5 necrophages (D)
  A scorpion (D)
  An iron imp (D)
  3 worms (D)
  A spectral bat (D)
  A spectral jackal (D)
  4 tentacles (D)
41 creatures vanquished.

Vanquished Creatures (others)
  A centaur warrior (D)
  A kobold demonologist (D)
  24 tentacles (D)
26 creatures vanquished.

Grand Total: 67 creatures vanquished

Notes
Turn   | Place    | Note
-------+----------+-------------------------------------------
     0 | D        | boopmooplesden the Minotaur Berserker began the quest for
                  | the Orb.
     0 | D        | Reached XP level 1. HP: 19/19 MP: 0/0
     1 | D        | Noticed a wyvern
     1 | D        | Noticed a wyvern
     5 | D        | Killed a wyvern
     6 | D        | Reached skill level 8 in Axes
     6 | D        | Reached XP level 2. HP: 30/35 MP: 1/1
     6 | D        | Reached XP level 3. HP: 35/40 MP: 2/2
     6 | D        | Reached XP level 4. HP: 42/48 MP: 3/3
     9 | D        | Killed a wyvern
    10 | D        | Reached skill level 10 in Axes
    10 | D        | Reached skill level 5 in Armour
    10 | D        | Reached skill level 5 in Dodging
    10 | D        | Reached XP level 5. HP: 51/58 MP: 4/4
    10 | D        | Reached XP level 6. HP: 58/66 MP: 5/5
   136 | D        | Reached ** piety under Trog
   139 | D        | Reached skill level 10 in Fighting
   156 | D        | Reached skill level 11 in Axes
   165 | D        | Reached *** piety under Trog
   171 | D        | Reached skill level 12 in Axes
   171 | D        | Reached XP level 7. HP: 58/75 MP: 6/6
   316 | D        | Noticed a neqoxec
   316 | D        | Noticed a neqoxec
   316 | D        | Noticed a neqoxec
   316 | D        | Noticed a neqoxec
   319 | D        | Gained mutation: You sometimes lose the ability to read
                  | scrolls when taking damage. [a neqoxec]
   320 | D        | Killed a neqoxec
   321 | D        | Reached skill level 13 in Axes
   323 | D        | Killed a neqoxec
   323 | D        | Reached **** piety under Trog
   323 | D        | Killed a neqoxec
   324 | D        | Reached XP level 8. HP: 86/86 MP: 7/7
   327 | D        | Reached skill level 14 in Axes
   362 | D        | Found Coraw's Jewellery Boutique.
   362 | D        | Found Ciptagge's Jewellery Shop.
   362 | D        | Found Cosiyf's Antique Armour Boutique.
   362 | D        | Found Ynasa's Antique Weapon Shop.
   362 | D        | Found Kiho's Distillery.
   362 | D        | Found Voza's Magic Scroll Shop.
   362 | D        | Found Mobatam's Assorted Antiques.
   363 | D        | Found Veaffoge's Weapon Shop.
   363 | D        | Found Veuppeus's Magic Scroll Boutique.
   363 | D        | Found Litzogim's Magic Scroll Boutique.
   363 | D        | Found Ediag's Book Shop.
   363 | D        | Found Soddoowui's Antique Armour Boutique.
   370 | D        | Noticed Menkaure
   679 | D        | Found Ruhacuc's Weapon Shop.
   679 | D        | Found Lanwi's Distillery.
   685 | D        | Noticed an obsidian statue
   689 | D        | Noticed an oklob plant
   690 | D        | Found Wosef's Book Shoppe.
   697 | D        | Killed Menkaure
   697 | D        | Reached ***** piety under Trog
   706 | D        | Bought a glowing chain mail for 217 gold pieces
   716 | D        | Noticed a death yak
   720 | D        | Bought a glowing hand axe for 138 gold pieces
   877 | D        | Bought the ring of Biggirit {rPois Str+6 Stlth+} for 424
                  | gold pieces
   900 | D        | Noticed an orange crystal statue
   910 | D        | Found a snail-covered altar of Cheibriados.
   911 | D        | Found a shadowy altar of Dithmenos.
   911 | D        | Found a viscous altar of Jiyva.
   915 | D        | Received a gift from Trog
   916 | D        | Reached skill level 15 in Axes
   916 | D        | Found a white marble altar of Elyvilon.
   916 | D        | Found an ancient bone altar of Kikubaaqudgha.
   920 | D        | Found a blossoming altar of Fedhas.
   920 | D        | Found a corrupted altar of Lugonu.
   920 | D        | Found a shimmering blue altar of Sif Muna.
   921 | D        | Found an opulent altar of Gozag.
   921 | D        | Found a burning altar of Makhleb.
   921 | D        | Found a bloodstained altar of Trog.
   922 | D        | Found a sparkling altar of Nemelex Xobeh.
   922 | D        | Found a hide-covered altar of Uskayaw.
   923 | D        | Found an iron altar of Okawaru.
   923 | D        | Found a radiant altar of Vehumet.
   923 | D        | Found a glowing silver altar of Zin.
   924 | D        | Noticed a yaktaur
   924 | D        | Noticed a hornet
   924 | D        | Noticed a polar bear
   924 | D        | Noticed a polar bear
   924 | D        | Noticed a polar bear
   927 | D        | Killed a polar bear
   931 | D        | Killed a polar bear
   934 | D        | Killed a hornet
   935 | D        | Reached skill level 15 in Fighting
   935 | D        | Reached skill level 16 in Axes
   935 | D        | Reached XP level 9. HP: 81/97 MP: 8/8
   935 | D        | Killed a polar bear
   938 | D        | Killed a yaktaur
  1096 | D        | Found a basalt altar of Yredelemnul.
  1102 | D        | Noticed a kraken
  1110 | D        | Reached skill level 17 in Axes
  1348 | D        | Found a shimmering altar of Xom.
  1348 | D        | Found a sacrificial altar of Ru.
  1349 | D        | Found a glowing golden altar of the Shining One.
  1349 | D        | Found an ornate altar of the Wu Jian Council.
  1349 | D        | Found a stormy altar of Qazlal.
  1357 | D        | Noticed a deep troll
  1357 | D        | Noticed a deep troll
  1369 | D        | Killed a deep troll
  1369 | D        | Received a gift from Trog
  1370 | D        | Reached skill level 10 in Armour
  1380 | D        | Killed a deep troll
  1381 | D        | Reached XP level 10. HP: 49/108 MP: 9/9
  1593 | D        | Found a hazy altar of Hepliaklqana.
  1601 | D        | Noticed Roxanne
  1839 | D        | Found the +3 robe of Clouds {*Thunder rCloud rElec}
  1979 | D        | Killed a kraken
  1980 | D        | Reached skill level 18 in Axes
  2137 | D        | Noticed Kirke
  2137 | D        | Noticed a yaktaur captain
  2137 | D        | Noticed a skeletal warrior
  2153 | D        | Killed a yaktaur captain
  2154 | D        | Reached skill level 1 in Stealth
  2159 | D        | Noticed a lindwurm
  2159 | D        | Killed Kirke
  2167 | D        | Killed a skeletal warrior
  2167 | D        | Received a gift from Trog
  2169 | D        | Noticed an elephant
  2172 | D        | Killed an elephant
  2173 | D        | Reached skill level 19 in Axes
  2173 | D        | Reached skill level 15 in Armour
  2223 | D        | Killed a centaur warrior
  2379 | D        | Noticed an ice dragon
  2385 | D        | Killed an ice dragon
  2386 | D        | Reached XP level 11. HP: 121/121 MP: 10/10
  2391 | D        | Noticed a shining eye
  2391 | D        | Noticed a shining eye
  2391 | D        | Noticed a hell hog
  2391 | D        | Noticed a shining eye
  2391 | D        | Noticed a hell hog
  2397 | D        | HP: 6/121 [hell hog (10)]
  2397 | D        | Killed from afar by a hell hog

Illustrated notes

Levels and vault maps discovered:
D:        the_violet_keep_of_menkaure [sprint2_stairs_cluster_1,
          sprint2_shoproom, sprint2_temple, sprint2_basic_supplies,
          sprint2_obstacle_4, sprint2_obstacle_6, sprint2_obstacle_3,
          sprint2_obstacle_7, sprint2_obstacle_5, sprint2_timed_cluster_1,
          sprint2_smallroom_cluster_1, sprint2_smallroom_final_cluster_1,
          sprint2_transparent_cluster_1, sprint2_second_timed_cluster_1,
          sprint2_sniper_area_1, sprint2_heavy_combat_area_1,
          sprint2_mutation_trap_area_1, sprint2_forest_area_1,
          sprint2_light_combat_area_1, sprint2_behind_water_1,
          sprint2_near_end_vault_1]

Skill      XL: |  1  2  3  4  5  6  7  8  9 10 |
---------------+-------------------------------+-----
Fighting       | 8 9 11 13 15 16 18 | 18.3
Axes           | 8 10 12 13 16 17 19 | 19.3
Armour         | 4 5 6 8 10 15 | 15.4
Dodging        | 4 5 6 7 8 9 |  9.3
Stealth        | 2 |  2.1

Action                   |  1- 3 |  4- 6 |  7- 9 | 10-12 || total
-------------------------+-------+-------+-------+-------++-------
Melee: Hand axe          |     3 |    29 |    73 |    15 ||   120
       Headbutt          |     1 |     6 |    11 |    14 ||    32
       Punch             |       |     1 |     1 |     1 ||     3
       Battleaxe         |       |       |       |    44 ||    44
Invok: Berserk           |     1 |     1 |     3 |     4 ||     9
  Use: Scroll            |       |       |       |    11 ||    11
       Potion            |       |       |       |     1 ||     1
Armor: Animal skin       |       |     2 |     1 |       ||     3
       Chain mail        |       |       |    35 |    15 ||    50
Dodge: Dodged            |     1 |    18 |    37 |    24 ||    80
